 Dungeon Crawl Stone Soup version 0.25-a0-992-gca090100c3 (webtiles) character file.

Game seed: 551640732188616933, levelgen mode: deterministic

832 Flugslaktarn the Cutter (level 7, -5/61 HPs)
             Began as a Minotaur Assassin on May 10, 2020.
             Slain by an ogre
             ... wielding a +0 giant spiked club
              (29 damage)
             ... on level 6 of the Dungeon.
             The game lasted 00:01:52 (3943 turns).

Flugslaktarn the Cutter (Minotaur Assassin)         Turns: 3943, Time: 00:01:53

Health: -5/61      AC:  3    Str: 16    XL:     7   Next: 65%
Magic:  6/6        EV: 14    Int:  8    God:
Gold:   127        SH:  0    Dex: 13    Spells: 6/6 levels left

rFire    . . .     SeeInvis .   v - +0 rapier
rCold    . . .     Gourm    .   (no shield)
rNeg     . . .     Faith    .   b - +0 robe
rPois    .         Spirit   .   (helmet restricted)
rElec    .         Reflect  .   c - +0 cloak
rCorr    .         Harm     .   (no gloves)
MR       .....                  (no boots)
Stlth    +++.......             (no amulet)
HPRegen  0.20/turn              (no ring)
MPRegen  0.10/turn              (no ring)

@: lethally poisoned (-5 -> -6)
A: retaliatory headbutt, horns 2
a: no special abilities


You were on level 6 of the Dungeon.
You were not hungry.

You visited 1 branch of the dungeon, and saw 6 of its levels.
You also visited: Sewer.

You collected 127 gold pieces.

Inventory:

Hand Weapons
 a - a +2 dagger
 r - a +1 dagger of speed
   (You took it off an orc wizard on level 4 of the Dungeon)
 v - a +0 rapier (weapon)
   (You found it on level 5 of the Dungeon)
Missiles
 d - 19 poisoned darts (quivered)
 f - 2 curare-tipped darts
 u - 4 atropa-tipped darts
 x - 2 throwing nets
Armour
 b - a +0 robe (worn)
 c - a +0 cloak (worn)
Jewellery
 l - an uncursed ring of resist corrosion {unknown}
   (You found it on level 5 of the Dungeon)
 w - an uncursed ring of protection from fire {unknown}
   (You found it on level 5 of the Dungeon)
Wands
 k - a wand of paralysis (6)
   (You found it on level 4 of the Dungeon)
Scrolls
 g - a scroll of remove curse {unknown}
 h - 3 scrolls of random uselessness {unknown}
 j - 3 scrolls of teleportation {unknown}
 n - 4 scrolls of identify {unknown}
 o - 2 scrolls of magic mapping {unknown}
Potions
 i - a potion of berserk rage {unknown}
 m - 2 potions of flight
 p - 2 potions of lignification {unknown}
 q - a potion of curing
 t - a potion of heal wounds {unknown}
Comestibles
 e - 8 rations
 s - 2 chunks of flesh


   Skills:
 + Level 5.1 Fighting
 * Level 6.3 Short Blades
 - Level 2.0 Throwing
 + Level 4.2 Dodging
 + Level 4.8 Stealth


You had 6 spell levels left.
You didn't know any spells.
Your spell library was empty.

Dungeon Overview and Level Annotations

Branches:
Dungeon (6/15)              Sewer (visited)
 Temple: D:4-7

Altars:


Innate Abilities, Weirdness & Mutations

You reflexively headbutt those who attack you in melee.
You have a pair of horns on your head.


Message History

The weapon returns to the orc!
Things that are here:
a +0 falchion; a +0 chain mail; 11 gold pieces The orc hits you but does no damage.
You barely miss the orc. The orc hits you but does no damage.
You are poisoned.
You closely miss the orc. You headbutt the orc!
You kill the orc!
You feel sick.
You hit the ogre.
The ogre is lightly wounded.
The ogre barely misses you.
You hit the ogre.
You headbutt the ogre, but do no damage.
The ogre is moderately wounded.
You feel sick.
You hit the ogre.
The ogre is moderately wounded.
The ogre hits you with a +0 giant spiked club!!
You die...

#...............#
.#.
#.....)........#
#... #...)((......#
#..# ##...........#
####..#
#######.##.##
#.....#
#....########.##..#
##............##.##
#O####....#.......
#@# #..########...
#)###.## ##รท....#>
##.#...# ##..#..###
##..#.###
#.......## #.....#
##........# #######
#....#.....
#...###.... ##..##
##... ##..## ##..


You could see an ogre.

Vanquished Creatures
  A phantom (D:5)
  2 centaurs
  A big kobold (Sewer)
  A bullfrog (D:6)
  A scorpion (D:6)
  A crimson imp (D:5)
  A hound (D:6)
  2 orc wizards
  An orc priest (D:5)
  A bullfrog skeleton (D:5)
  2 worker ants
  4 gnolls
  3 adders
  A river rat (Sewer)
  A shadow imp (D:6)
  An ooze (D:4)
  An adder skeleton (D:6)
  3 worms
  A dart slug (D:4)
  3 leopard geckos
  11 orcs
  2 goblins
  3 hobgoblins (D:5)
  5 jackals
  9 kobolds
  2 quokkas
  3 ball pythons
  2 bats
  2 frilled lizards
  A jackal skeleton (D:5)
  8 rats
80 creatures vanquished.

Notes
Turn   | Place    | Note
-------+----------+-------------------------------------------
     0 | D:1      | Flugslaktarn the Minotaur Assassin began the quest for the
                  | Orb.
     0 | D:1      | Reached XP level 1. HP: 18/18 MP: 0/0
   270 | D:2      | Reached XP level 2. HP: 25/25 MP: 1/1
   574 | D:4      | Reached skill level 3 in Short Blades
   708 | D:4      | Reached XP level 3. HP: 19/30 MP: 2/2
   845 | D:4      | Found a glowing drain.
   865 | Sewer    | Entered a sewer
  1068 | Sewer    | Noticed a big kobold
  1093 | Sewer    | Killed a big kobold
  1093 | Sewer    | Reached XP level 4. HP: 36/38 MP: 3/3
  1141 | Sewer    | Found a white marble altar of Elyvilon.
  1277 | D:4      | Reached skill level 4 in Short Blades
  1277 | D:4      | Reached XP level 5. HP: 45/45 MP: 4/4
  1351 | D:4      | Noticed a centaur
  1383 | D:4      | Killed a centaur
  1594 | D:5      | Entered Level 5 of the Dungeon
  1801 | D:5      | Reached XP level 6. HP: 29/52 MP: 5/5
  2086 | D:5      | Reached skill level 5 in Short Blades
  2695 | D:5      | Reached XP level 7. HP: 11/60 MP: 6/6
  3523 | D:6      | Reached skill level 6 in Short Blades
  3531 | D:6      | Reached skill level 5 in Fighting
  3943 | D:6      | Slain by an ogre

Illustrated notes

Levels and vault maps discovered:
D:1:      evilmike_arrival_plus, layout_basic, lemuel_old_faithful
D:2:      layout_loops_ring, kennysheep_generic_room_15
D:3:      layout_loops_cross
D:4:      minmay_chambers_of_fours, layout_cave_pools, serial_glass,
          glass_columns_c, glass_columns_a, glass_columns_b, glass_columns_a,
          glass_columns_b, glass_columns_c, glass_columns_a, glass_columns_c,
          glass_columns_b, glass_columns_b, glass_columns_a, glass_columns_a,
          glass_columns_b, glass_columns_c, cheibrodos_sewer_entry_drain,
          first_ration
D:5:      corexii_shack_village, layout_rooms, st_stairs_1, nrook_pool_corridor
D:6:      layout_rooms, gup_ossuary_entry_pyramid, uniq_crazy_yiuf_cottage

Skill      XL: |  1  2  3  4  5  6  7 |
---------------+----------------------+-----
Short Blades   | 3 4 5 6 |  6.3
Fighting       | 3 4 5 |  5.1
Dodging        | 2 3 4 |  4.2
Stealth        | 4 |  4.8
Throwing       | |  2.0

Action                   |  1- 3 |  4- 6 |  7- 9 || total
-------------------------+-------+-------+-------++-------
Melee: Dagger            |    67 |   112 |    28 ||   207
       Headbutt          |     9 |    18 |    19 ||    46
       Rapier            |       |       |    69 ||    69
  Use: Potion            |       |     3 |     1 ||     4
 Stab: Sleeping          |     8 |     3 |     1 ||    12
  Eat: Chunk             |       |     5 |     3 ||     8
       Ration            |       |       |     1 ||     1
Armor: Robe              |     8 |     9 |    23 ||    40
Dodge: Dodged            |    32 |    57 |    85 ||   174

Table legend:
 A = Non-vault XP
 B = Vault XP
 C = Vault XP percentage of total XP
 D = Non-vault monster count
 E = Vault monster count
 F = Vault count percentage of total count
                 A         B        C        D         E       F
            +---------+---------+-------+---------+---------+-------
      Total |     821 |     368 |  31.0 |      50 |      30 |  37.5
            +---------+---------+-------+---------+---------+-------
        D:1 |       6 |       0 |   0.0 |       3 |       0 |   0.0
        D:2 |      20 |       0 |   0.0 |       4 |       0 |   0.0
        D:3 |       8 |       0 |   0.0 |       5 |       0 |   0.0
        D:4 |      68 |     170 |  71.4 |       9 |       7 |  43.8
        D:5 |     443 |      69 |  13.5 |      17 |      12 |  41.4
        D:6 |     276 |       0 |   0.0 |      12 |       0 |   0.0
      Sewer |       0 |     129 | 100.0 |       0 |      11 | 100.0
            +---------+---------+-------+---------+---------+-------
